 Dungeon Crawl Stone Soup version 0.30-a0-721-ga6a225cb13 (webtiles) character file.

Game seed: 16758436395735955935

504 CoinPitGoblin the Covered (level 6, 0/55 HPs)
             Began as an Armataur Fighter on Jan 27, 2023.
             Slain by an iguana (7 damage)
             ... on level 4 of the Dungeon.
             The game lasted 00:04:59 (2392 turns).

CoinPitGoblin the Covered (Armataur Fighter)        Turns: 2392, Time: 00:04:59

Health: 0/55       AC:  7    Str: 29    XL:     6   Next: 96%
Magic:  6/6        EV:  8    Int:  8    God:
Gold:   255        SH:  4    Dex: 10    Spells: 5/5 levels left

rFire   . . .      SeeInvis .    k - +3 hand axe
rCold   . . .      Faith    .    c - +0 buckler
rNeg    . . .      Spirit   .    b - +0 scale mail
rPois   .          Reflect  .    (no helmet)
rElec   .          Harm     .    (no cloak)
rCorr   .          Roll     +    (no gloves)
Will    .....                    (no barding) Stlth
                                 o - amulet of regeneration
HPRegen 1.09/turn                t - +6 ring of strength
MPRegen 0.10/turn                (no ring)

@: studying Unarmed Combat
A: large, rugged brown scales 3, deformed body, armoured tail, roll, long
tongue, awkward tongue
a: no special abilities


You were on level 4 of the Dungeon.
You visited 1 branch of the dungeon, and saw 4 of its levels.

You collected 255 gold pieces.

Inventory:

Hand Weapons
 a - a +0 flail
 k - a +3 hand axe (weapon)
Armour
 b - a +0 scale mail (worn)
 c - a +0 buckler (worn)
Jewellery
 o - an amulet of regeneration (around neck)
 t - a +6 ring of strength (left hand)
Scrolls
 j - a scroll of enchant armour {unknown}
 l - a scroll of teleportation {unknown}
 r - a scroll of poison {unknown}
 s - a scroll of fear
 v - a scroll of identify
Potions
 d - a potion of ambrosia {unknown}
 e - a potion of magic {unknown}
 f - 2 potions of curing
 g - a potion of degeneration {unknown}
 h - a potion of heal wounds {unknown}
 i - 5 potions of flight
 m - a potion of invisibility {unknown}
 n - a potion of lignification {unknown}
 p - 3 potions of brilliance {unknown}
 q - a potion of berserk rage {unknown}
 u - a potion of cancellation {unknown}


   Skills:
 + Level 4.1 Fighting
 + Level 3.5 Maces & Flails
 + Level 6.3 Armour
 + Level 0.7 Dodging
 + Level 4.6 Shields


You had 5 spell levels left.
You didn't know any spells.
Your spell library was empty.

Dungeon Overview and Level Annotations

Branches:
Dungeon (4/15)
 Temple: D:4-7

Altars:
Xom
Zin

Shops:
D:2 *


Innate Abilities, Weirdness & Mutations

You are completely covered in rugged brown scales. (AC +3, +7% HP)
Armour fits poorly on your strangely shaped body.
You have a long armoured tail.
You roll when moving toward enemies. (Rampage)
Your long tongue fully drains potion bottles. (2x potion effects)
Your tongue gives you trouble enunciating. (1.5x scroll delay)


Message History

The iguana bites you but does no damage.
You are too injured to fight recklessly!
You are too injured to fight recklessly!
The orc shoots a sling bullet.
The sling bullet barely misses you. The orc hits you with a +0 mace.
The iguana attacks as you move away!
The iguana bites you but does no damage.
You hit the iguana but do no damage. The iguana bites you!
* * * LOW HITPOINT WARNING * * *
The orc priest miscasts a cantrip.
Found a scale mail.
You hit the iguana.
The iguana is moderately wounded.
The iguana barely misses you.
You hit the iguana but do no damage.
The iguana is moderately wounded.
The iguana bites you.
* * * LOW HITPOINT WARNING * * *
You hit the iguana but do no damage.
The iguana is moderately wounded.
The orc priest looks encouraged for a moment.
The iguana bites you but does no damage.
An endoplasm comes into view.
You block the iguana's attack.
The endoplasm quivers.
You hit the orc priest.
The orc priest is moderately wounded.
You hit the iguana but do no damage.
The orc priest hits you with a +0 hand axe.
* * * LOW HITPOINT WARNING * * *
The iguana bites you.
* * * LOW HITPOINT WARNING * * *
You hit the orc priest but do no damage.
You tail-slap the orc priest!
The orc priest is almost dead.
You hit the iguana.
The orc priest hits you with a +0 hand axe.
* * * LOW HITPOINT WARNING * * *
The iguana bites you!
You die...

#..............# ..
##............. .[#
#...........# ..#
##........<.. #..##.
##.#.....#..##.........
###...### ............
##.....#####...........
##.......#..o.....J....
.#.......##..o@.#........
......#..##.ol###...##...
.......#..##.o.#..o.......
...............#...)...#
........†..##......†..##
............##........#
..##..............###.# .
#.............## ..
.....##.......... ..


You could see an iguana, an orc priest, 3 orcs and an endoplasm.

Vanquished Creatures
  Sigmund (D:3)
  Duvessa (D:4)
  A scorpion (D:4)
  Dowan (D:4)
  An iguana (D:4)
  6 adders
  An ufetubus (D:4)
  A dart slug (D:1)
  6 orcs
  9 bats
  2 endoplasms
  4 giant cockroaches
  8 goblins
  3 hobgoblins
  9 ball pythons
  3 frilled lizards (D:1)
  2 kobolds (D:3)
  5 rats
64 creatures vanquished.

Vanquished Creatures (others)
  5 toadstools (D:1)
5 creatures vanquished.

Grand Total: 69 creatures vanquished

Notes
Turn   | Place    | Note
-------+----------+-------------------------------------------
     0 | D:1      | CoinPitGoblin the Armataur Fighter began the quest for the
                  | Orb.
     0 | D:1      | Reached XP level 1. HP: 19/19 MP: 1/1
   213 | D:1      | Reached XP level 2. HP: 26/26 MP: 2/2
   507 | D:1      | Reached skill level 4 in Armour
   661 | D:2      | Reached XP level 3. HP: 28/33 MP: 3/3
   935 | D:2      | Found a faded altar of an unknown god.
   966 | D:2      | Reached XP level 4. HP: 17/40 MP: 4/4
   969 | D:2      | HP: 2/40 [orc/+0 war axe (6)]
  1180 | D:2      | Found Mydorodd's General Store.
  1499 | D:3      | Found a glowing silver altar of Zin.
  1499 | D:3      | Found a shimmering altar of Xom.
  1499 | D:3      | Noticed an angel
  1882 | D:3      | Noticed Sigmund
  1901 | D:3      | Killed Sigmund
  1902 | D:3      | Reached skill level 5 in Armour
  1902 | D:3      | Reached XP level 5. HP: 27/49 MP: 5/5
  2197 | D:4      | Noticed Duvessa
  2222 | D:4      | Noticed Dowan
  2224 | D:4      | Killed Duvessa
  2225 | D:4      | Reached XP level 6. HP: 55/55 MP: 6/6
  2235 | D:4      | Reached skill level 6 in Armour
  2301 | D:4      | Killed Dowan
  2392 | D:4      | Slain by an iguana

Illustrated notes

Levels and vault maps discovered:
D:1:      eino_arrival_water_star, layout_basic, minmay_gold_behind_fungi,
          hangedman_decor_slide_cut, minmay_shallow_snake_nest
D:2:      layout_rooms, ebering_ecumenical_altar_sacrificial, serial_shops,
          nicolae_shop_hallway_plus
D:3:      layout_loops_corners, grunt_temple_overflow_order_and_chaos_1,
          uniq_sigmund
D:4:      layout_cave_pools, uniq_pikel, uniq_duvessa

Skill      XL: |  1  2  3  4  5  6 |
---------------+-------------------+-----
Maces & Flails | 2 3 |  3.5
Fighting       | 3 4 |  4.1
Armour         | 4 5 6 |  6.3
Shields        | 4 |  4.6
Dodging        | |  0.7

Action                     |  1- 3 |  4- 6 || total
---------------------------+-------+-------++-------
  Melee: Flail             |    37 |       ||    37
         Tailslap          |     7 |    11 ||    18
         Hand axe          |    54 |    99 ||   153
    Use: Scroll            |       |     8 ||     8
         Potion            |       |     1 ||     1
 Armour: Scale mail        |    56 |    44 ||   100
  Dodge: Dodged            |    27 |    21 ||    48
  Block: Buckler           |    24 |    22 ||    46

Table legend: (Time is in decaauts)
 A = Elapsed time spent in this place.
 B = Non-inter-level travel time spent in this place.
 C = Inter-level travel time spent in this place.
 D = Time resting spent in this place.
 E = Time spent auto-exploring this place.
 F = Levels seen in this place.
 G = Mean time per level.
                   A        B        C        D        E       F      G
               +--------+--------+--------+--------+--------+-----+--------+
         Total |   2451 |   2258 |    193 |     45 |   1716 |   4 |  612.8 |
       Dungeon |   2451 |   2258 |    193 |     45 |   1716 |   4 |  612.8 |
               +--------+--------+--------+--------+--------+-----+--------+

Top non-repeatable levels by time:
     D:3: 821 daAuts
     D:2: 801 daAuts
     D:1: 654 daAuts
     D:4: 173 daAuts
